 Dungeon Crawl Stone Soup version 0.30-a0-371-gad7725a93e (webtiles) character file.

Game seed: 15512154732694932017

136650 jfcaron the Severer (level 18, -20/151 HPs)
             Began as a Meteoran Fighter on Nov 22, 2022.
             Was the Champion of Qazlal.
             Killed from afar by Bai Suzhen (33 damage)
             ... with a torrent of water
             ... on level 3 of the Spider Nest.
             The game lasted 01:20:22 (10286 turns).

jfcaron the Severer (Meteoran Fighter)             Turns: 10286, Time: 01:20:24

Health: -20/151    AC: 11    Str: 19    XL:     18   Next: 44%
Magic:  0/30       EV:  6    Int: 14    God:    Qazlal [******]
Gold:   2012       SH: 22    Dex: 20    Spells: 13/17 levels left

rFire   + . .      SeeInvis .    a - +2 broad axe (flame)
rCold   + + +      Faith    .    x - +0 kite shield
rNeg    . . .      Spirit   +    Q - +1 plate armour {rPois}
rPois   +          Reflect  .    k - +1 hat of Chimes {rC+ Will+ Int+4}
rElec   .          Harm     .    L - +0 cloak
rCorr   .          Rampage  .    j - +2 pair of gloves
Will    ++++.                    R - +2 pair of boots of Ofywotuj {rF+ rC+ Str-5 Dex+3}
Stlth   ..........               n - amulet of guardian spirit
HPRegen 0.45/turn                z - +4 ring of protection
MPRegen 0.22/turn                G - ring of willpower

@: mighty, protected from cold, corroded, glowing, repel missiles
A: sense surroundings 3, otherworldly, glowing, explore regen, frail 1,
screaming 1
a: Renounce Religion, Upheaval, Elemental Force, Disaster Area


You were on level 3 of the Spider Nest.
You worshipped Qazlal.
Qazlal was exalted by your worship.
You visited 4 branches of the dungeon, and saw 25 of its levels.
You also visited: Sewer, Ossuary, Bailey, Gauntlet and Volcano.

You collected 2480 gold pieces.
You spent 468 gold pieces at shops.

Inventory:

Hand Weapons
 a - a +2 broad axe of flaming (weapon)
 H - the +2 war axe of Dawn {freeze, Str+4}
   (You bought it in a shop on level 4 of the Dungeon)

   It freezes those it strikes, dealing additional cold damage.
   It can also slow down cold-blooded creatures.
   Str:       It affects your strength (+4).
Missiles
 g - 4 atropa-tipped darts {!f}
 m - 15 javelins
 S - 3 curare-tipped darts {!f}
Armour
 j - a +2 pair of gloves (worn)
 k - the +1 hat of Chimes (worn) {rC+ Will+ Int+4}
   (You found it on level 1 of the Spider Nest)

   Int:       It affects your intelligence (+4).
   rC:        It protects you from cold.
   Will:      It increases your willpower.
 x - a +0 kite shield (worn)
 L - a +0 cloak (worn)
 O - a +1 helmet of intelligence
 Q - a +1 plate armour of poison resistance (worn)
 R - the +2 pair of boots of Ofywotuj (worn) {rF+ rC+ Str-5 Dex+3}
   (You found it in a volcano)

   Str:       It affects your strength (-5).
   Dex:       It affects your dexterity (+3).
   rF:        It protects you from fire.
   rC:        It protects you from cold.
 U - the +2 helmet of Mezcal {rElec rC- Int+8 Dex-3}
   (You found it in a Gauntlet)

   Int:       It affects your intelligence (+8).
   Dex:       It affects your dexterity (-3).
   rC:        It makes you vulnerable to cold.
   rElec:     It insulates you from electricity.
Jewellery
 c - a ring of poison resistance
 d - an amulet of the acrobat
 i - a +4 ring of evasion
 n - an amulet of guardian spirit (around neck)
 z - a +4 ring of protection (left hand)
 G - a ring of willpower (right hand)
Wands
 w - a wand of roots (12)
 B - a wand of paralysis (12)
 C - a wand of digging (3)
 F - a wand of mindburst (11)
 M - a wand of light (4)
 N - a wand of flame (21)
 X - a wand of polymorph (10)
Scrolls
 b - a scroll of amnesia
 l - a scroll of summoning
 o - 2 scrolls of identify
 r - 2 scrolls of enchant armour
 u - a scroll of noise
 y - 8 scrolls of teleportation
 D - 2 scrolls of blinking
 E - a scroll of magic mapping
 I - 2 scrolls of vulnerability
 J - a scroll of silence
 P - 4 scrolls of fear
Potions
 e - 3 potions of brilliance
 f - 4 potions of ambrosia
 h - 3 potions of berserk rage
 p - 6 potions of lignification
 q - 8 potions of curing
 s - 6 potions of flight
 t - 4 potions of resistance
 v - a potion of heal wounds
 A - 4 potions of mutation
 K - 3 potions of haste
 T - 2 potions of might
Miscellaneous
 V - a phantom mirror (inert)
 W - a condenser vane (inert)


   Skills:
 + Level 16.9 Fighting
 - Level 18.0 Axes
 - Level 15.0 Armour
 - Level 15.0 Shields
 - Level 15.0 Invocations
 - Level 7.0 Evocations


You had 13 spell levels left.
You knew the following spells:

 Your Spells              Type           Power      Damage    Failure   Level
a - Blink                 Tloc           0%         N/A       100%        2
b - Wereblood             Tmut           0%         N/A       100%        2

Your spell library contained the following spells:

 Spells                   Type           Power      Damage    Failure   Level
 Apportation              Tloc           0%         N/A       100%        1
 Beastly Appendage        Tmut           0%         N/A       100%        1
 Foxfire                  Conj/Fire      0%         2x1d4     100%        1
 Necrotise                Necr           0%         1d4       100%        1
 Slow                     Hex            0%         N/A       100%        1
 Summon Small Mammal      Summ           0%         N/A       100%        1
 Cigotuvi's Dreadful Rot  Necr/Pois/Air  0%         N/A       100%        2
 Momentum Strike          Conj/Tloc      0%         3d8       100%        2
 Call Canine Familiar     Summ           0%         N/A       100%        3
 Confusing Touch          Hex            0%         N/A       100%        3
 Dazzling Flash           Conj/Hex       0%         N/A       100%        3
 Ignite Poison            Fire/Tmut/Pois 0%         N/A       100%        3
 Lesser Beckoning         Tloc           0%         N/A       100%        3
 Portal Projectile        Hex/Tloc       0%         N/A       100%        3
 Spider Form              Tmut/Pois      0%         N/A       100%        3
 Vampiric Draining        Necr           0%         2d6       100%        3
 Dispel Undead            Necr           0%         3d6       100%        4
 Iskenderun's Mystic Bla  Conj/Tloc      0%         2d3       100%        4
 Leda's Liquefaction      Hex/Erth       0%         N/A       100%        4
 Sticky Flame             Conj/Fire      0%         2d3       100%        4
 Fireball                 Conj/Fire      0%         3d3       100%        5
 Freezing Cloud           Conj/Ice/Air   0%         6-21      100%        5
 Death Channel            Necr           0%         N/A       100%        6
 Simulacrum               Ice/Necr       0%         N/A       100%        6
 Starburst                Conj/Fire      0%         6d3       100%        6
 Ignition                 Fire           0%         3d3       100%        8
 Polar Vortex             Ice            0%         N/A       100%        9


Dungeon Overview and Level Annotations

Branches:
Dungeon (15/15) Zot: 2824  Temple (1/1) D:6 Zot: 586    Lair (5/5) D:8 Zot: 1368
  Swamp (0/4) Lair:2       Spider (4/4) Lair:3 Zot: 1438   Slime (0/5) Lair:5
    Orc (0/2) D:11         Vaults (0/5) D:14         Depths (0/4) D:15
  Sewer (visited)         Ossuary (visited)          Bailey (visited)
Volcano (visited)         Gauntlet (visited)

Altars:
Cheibriados
Dithmenos
Gozag
Kikubaaqudgha
Qazlal
Uskayaw
Wu Jian
Xom
The Shining One
Jiyva

Shops:
D:4 (   D:6 [   D:12 [

Annotations:
D:8 175 turns to
L:0 from
D:15
Spider:3 Bai Suzhen


Innate Abilities, Weirdness & Mutations

You passively map a large area around you.
You are easily found by Zot.
You glow in the dark.
You regain HP and MP as you explore.
You are frail. (-10% HP)
You occasionally shout uncontrollably at your foes.


Message History

* * * LOW HITPOINT WARNING * * *
You stumble backwards!
Splash!
You fall into the shallow water.
Moving in this stuff is going to be slow.
Unknown command.
You hit Bai Suzhen. You burn Bai Suzhen.
Bai Suzhen is almost dead.
You block Bai Suzhen's attack. x2; Bai Suzhen tramples you.
* * * LOW HITPOINT WARNING * * *
You hold your ground!
Unknown command.
You hit Bai Suzhen but do no damage.
Bai Suzhen is almost dead.
Aiming: Fastroot
Press: ? - help, Shift-Dir - straight line The roots erupt in riotous growth!
Roots grab Bai Suzhen.
The grasping roots constrict Bai Suzhen.
You block Bai Suzhen's attack. Bai Suzhen claws you!
* * * LOW HITPOINT WARNING * * *
You feel more protected from physical attacks.
Bai Suzhen tramples you but does no damage.
The entropy weaver simulacrum hits you but does no damage. x2
You block the entropy weaver simulacrum's attack.
The entropy weaver simulacrum hits you.
* * * LOW HITPOINT WARNING * * *
The entropy weaver simulacrum freezes you.
You resist.
Your resistance to physical damage fades away.
You feel protected from cold.
* * * LOW HITPOINT WARNING * * *
The entropy weaver simulacrum attacks as you move away!
You block the entropy weaver simulacrum's attack. x4
The grasping roots constrict Bai Suzhen!
Bai Suzhen's soul is no longer bound.
The roots release their grip on Bai Suzhen.
Bai Suzhen breathes water at you. The torrent of water hits you!!!
You die...

* ## * *... , *
#######...
##..#...... ##
#..☼○....####.,
, ##§@°.####...,
** #.ZD°###....
, ,
#°.§§..#...## ,
#§§~~..###>.###
#....§##....^.#
*
#..####..†##..#
* #..# ##..#...#
#..#####..#..###
*
#...##...###...#


You could see Bai Suzhen (clouds, catching breath) and an entropy weaver
simulacrum.

Vanquished Creatures
  Nikola (Spider:4)
  Rupert (Lair:4)
  Jorgrun (Spider:2)
  A frost giant (D:15)
  2 emperor scorpions
  2 broodmothers (Spider:3)
  A bunyip (shapeshifter) (D:14)
  A minotaur (Gauntlet)
  A fire dragon (Lair:5)
  5 entropy weavers
  Josephine (D:12)
  A rakshasa (D:13)
  3 hydras
  A radroach (Spider:1)
  2 catoblepae
  2 jorogumos (Spider:3)
  7 two-headed ogres
  8 centaur warriors
  10 boulder beetles
  A death yak (Lair:4)
  2 tengu warriors (D:15)
  2 thrashing horrors (Gauntlet)
  A fire crab (Lair:4)
  Amaemon (Lair:2)
  8 pharaoh ants
  3 sun moths
  2 orb spiders
  A glowing orange brain (Gauntlet)
  6 steelbarb worms
  Pikel (D:4)
  3 orc knights
  A phantasmal warrior (D:14)
  4 lindwurms
  13 wolf spiders
  An ugly thing (Gauntlet)
  12 cyclopes
  2 manticores
  A moth of wrath (shapeshifter) (D:13)
  A moth of wrath (Spider:2)
  Maurice (D:8)
  A toenail golem (Volcano)
  8 elephants (Lair:4)
  A torpor snail (Spider:2)
  6 black mambas
  2 minotaur zombies (Gauntlet)
  5 molten gargoyles
  7 cane toads
  An orange demon (Lair:2)
  Maggie (D:6)
  2 unseen horrors
  3 rime drakes
  4 demonic crawlers
  3 tengu conjurers
  8 komodo dragons
  2 freezing wraiths
  3 efreet (Volcano)
  2 trolls
  A meliai (shapeshifter) (D:15)
  10 meliai
  2 polar bears
  2 hornets
  14 tarantellas
  9 slime creatures (D:12)
  13 blink frogs
  6 dream sheep (Lair:3)
  13 jumping spiders
  A centaur simulacrum (D:14)
  13 culicivoras
  2 vampires
  7 wyverns
  5 fire elementals (Volcano)
  6 wraiths
  46 yaks
  6 vampire mosquitoes
  5 steam dragons
  8 basilisks
  33 redbacks
  Menkaure (D:4)
  10 water moccasins
  Duvessa (D:4)
  3 acid dragons
  3 hell hounds (Lair:5)
  A black bear (D:6)
  2 ice beasts
  11 orc warriors
  17 centaurs
  16 wolves
  3 lemures (D:4)
  2 phantoms
  3 earth elementals (Volcano)
  13 bullfrogs
  A gnoll sergeant (D:10)
  10 scorpions
  2 jellies
  3 small abominations (Gauntlet)
  Dowan (D:4)
  5 killer bees (D:9)
  3 electric eels (Lair:1)
  3 howler monkeys (D:10)
  5 lava snakes (Lair:5)
  A centaur zombie (Ossuary)
  2 hounds
  A human zombie (Ossuary)
  An orc priest (D:8)
  3 iguanas
  8 orc wizards
  5 scorpion zombies (Ossuary)
  3 mummies (Ossuary)
  5 gnolls (D:10)
  17 adders
  A river rat (D:6)
  3 worms
  4 dart slugs
  37 orcs
  4 endoplasms
  8 giant cockroaches (Sewer)
  2 gnoll zombies (Ossuary)
  7 goblins
  5 hobgoblins
  4 jackals
  6 quokkas
  5 ball pythons
  4 bats
  9 frilled lizards
  2 goblin zombies (Ossuary)
  3 hobgoblin zombies (Ossuary)
  10 kobolds
  4 kobold zombies (Ossuary)
  5 rats
  A fire vortex (Volcano)
  8 fungi
  22 plants
698 creatures vanquished.

Notes
Turn   | Place    | Note
-------+----------+-------------------------------------------
     0 | D:1      | jfcaron the Meteoran Fighter began the quest for the Orb.
     0 | D:1      | Reached XP level 1. HP: 19/19 MP: 2/2
    72 | D:1      | Reached XP level 2. HP: 23/26 MP: 3/3
   179 | D:1      | Reached XP level 3. HP: 24/31 MP: 4/4
   185 | D:1      | Reached skill level 3 in Axes
   355 | D:2      | Reached XP level 4. HP: 40/40 MP: 5/5
   518 | D:3      | Found a faded altar of an unknown god.
   591 | D:4      | Noticed a scorpion
   592 | D:4      | Noticed Duvessa
   602 | D:4      | Killed a scorpion
   603 | D:4      | Reached XP level 5. HP: 25/46 MP: 4/6
   606 | D:4      | Killed Duvessa
   607 | D:4      | Reached skill level 4 in Axes
   607 | D:4      | Reached skill level 5 in Armour
   607 | D:4      | Reached skill level 5 in Shields
   607 | D:4      | Reached XP level 6. HP: 17/53 MP: 4/7
   607 | D:4      | Noticed Dowan
   616 | D:4      | Killed Dowan
   619 | D:4      | Reached XP level 7. HP: 20/60 MP: 6/8
   662 | D:4      | Found Ydien's Antique Weapon Emporium.
   734 | D:4      | Noticed Pikel
   737 | D:4      | Reached skill level 5 in Fighting
   752 | D:4      | Killed Pikel
   753 | D:4      | Reached skill level 5 in Axes
   753 | D:4      | Reached XP level 8. HP: 30/70 MP: 2/9
   777 | D:4      | Found a sand-covered staircase.
   786 | Ossuary  | Entered an ossuary
   853 | Ossuary  | Reached skill level 6 in Axes
   869 | Ossuary  | Gained mutation: You passively map the area around you.
                  | [Meteoran growth]
   869 | Ossuary  | Reached XP level 9. HP: 53/75 MP: 10/10
  1282 | D:4      | Noticed Menkaure
  1293 | D:4      | Killed Menkaure
  1294 | D:4      | Reached skill level 7 in Axes
  1434 | D:5      | Entered Level 5 of the Dungeon
  1455 | D:5      | Found a glowing golden altar of the Shining One.
  1561 | D:5      | Found a snail-covered altar of Cheibriados.
  1580 | D:5      | Found a hide-covered altar of Uskayaw.
  1750 | D:6      | Found a glowing drain.
  1766 | Sewer    | Entered a sewer
  2165 | D:6      | Found Ceiraaci's Armour Boutique.
  2180 | D:6      | Noticed Maggie
  2202 | D:6      | Killed Maggie
  2203 | D:6      | Reached XP level 10. HP: 80/88 MP: 7/11
  2261 | D:6      | Reached skill level 8 in Axes
  2287 | D:6      | Found a staircase to the Ecumenical Temple.
  2302 | Temple   | Entered the Ecumenical Temple
  2307 | Temple   | Became a worshipper of Qazlal Stormbringer
  2514 | D:6      | Reached skill level 1 in Invocations
  2594 | D:6      | Found an opulent altar of Gozag.
  2737 | D:4      | Bought an ancient war axe for 221 gold pieces
  2737 | D:4      | Identified the +2 war axe of Dawn {freeze, Str+4} (You
                  | bought it in a shop on level 4 of the Dungeon)
  2825 | D:7      | Paralysed by a hornet for 1 turns
  3044 | D:8      | Found a staircase to the Lair.
  3064 | D:8      | Learned a level 2 spell: Blink
  3078 | D:8      | Noticed a two-headed ogre
  3086 | D:8      | Killed a two-headed ogre
  3087 | D:8      | Reached skill level 9 in Axes
  3231 | D:8      | HP: 17/90 [something (9)]
  3232 | D:8      | HP: 7/90 [something (11)]
  3235 | D:8      | Reached XP level 11. HP: 28/95 MP: 1/15
  3303 | D:8      | Noticed Maurice
  3319 | D:8      | Killed Maurice
  3402 | D:9      | Reached * piety under Qazlal
  3445 | D:9      | Noticed a two-headed ogre
  3453 | D:9      | Reached skill level 5 in Invocations
  3456 | D:9      | Killed a two-headed ogre
  3457 | D:9      | Reached skill level 10 in Armour
  3457 | D:9      | Reached skill level 10 in Shields
  3493 | D:9      | Found a flagged portal.
  3502 | Bailey   | Entered a bailey
  3616 | Bailey   | Noticed an orc knight
  3633 | Bailey   | Killed an orc knight
  3634 | Bailey   | Reached skill level 10 in Axes
  3786 | Bailey   | Learned a level 2 spell: Wereblood
  3937 | D:9      | Noticed a two-headed ogre
  3939 | D:9      | Reached ** piety under Qazlal
  3948 | D:9      | Killed a two-headed ogre
  4125 | D:9      | Noticed a cyclops
  4129 | D:9      | Killed a cyclops
  4130 | D:9      | Reached XP level 12. HP: 106/106 MP: 18/18
  4192 | D:10     | Entered Level 10 of the Dungeon
  4194 | D:10     | Noticed a two-headed ogre
  4212 | D:10     | Killed a two-headed ogre
  4213 | D:10     | Reached skill level 10 in Fighting
  4253 | D:10     | Noticed a two-headed ogre
  4266 | D:10     | Killed a two-headed ogre
  4805 | D:11     | Noticed a boulder beetle
  4805 | D:11     | Noticed a centaur warrior
  4806 | D:11     | Noticed an orc knight
  4812 | D:11     | Killed a boulder beetle
  4813 | D:11     | Reached skill level 11 in Axes
  4815 | D:11     | Killed a centaur warrior
  4817 | D:11     | Killed an orc knight
  4841 | D:11     | Noticed a two-headed ogre
  4849 | D:11     | Killed a two-headed ogre
  4865 | D:11     | Noticed a two-headed ogre
  4877 | D:11     | Killed a two-headed ogre
  4922 | D:11     | Reached XP level 13. HP: 113/115 MP: 20/20
  5068 | D:11     | Noticed a four-headed hydra
  5074 | D:11     | Killed a four-headed hydra
  5190 | D:11     | Found a staircase to the Orcish Mines.
  5211 | D:12     | Noticed a centaur warrior
  5224 | D:12     | Killed a centaur warrior
  5290 | D:12     | Noticed Josephine
  5310 | D:12     | Killed Josephine
  5340 | D:12     | Reached *** piety under Qazlal
  5384 | D:12     | Noticed a boulder beetle
  5405 | D:12     | Killed a boulder beetle
  5406 | D:12     | Reached skill level 12 in Axes
  5523 | D:12     | Found Fituut's Antique Armour Shop.
  5542 | D:12     | Reached skill level 10 in Invocations
  5546 | D:12     | Bought a pair of glowing gloves for 247 gold pieces
  5587 | D:13     | Noticed a centaur warrior
  5596 | D:13     | Killed a centaur warrior
  5609 | D:13     | Noticed a boulder beetle
  5612 | D:13     | Noticed a centaur warrior
  5613 | D:13     | Noticed a centaur warrior
  5630 | D:13     | Killed a centaur warrior
  5639 | D:13     | Killed a centaur warrior
  5650 | D:13     | Killed a boulder beetle
  5653 | D:13     | Noticed a boulder beetle
  5679 | D:13     | Killed a boulder beetle
  5697 | D:13     | Noticed a five-headed hydra
  5698 | D:13     | Noticed a rakshasa
  5698 | D:13     | Noticed a centaur warrior
  5705 | D:13     | Killed a five-headed hydra
  5706 | D:13     | Reached XP level 14. HP: 99/125 MP: 9/23
  5732 | D:13     | HP: 18/126 [centaur warrior (10)]
  5740 | D:13     | HP: 21/126 [rakshasa/+0 long sword (1)]
  5769 | D:13     | Reached skill level 15 in Axes
  5769 | D:13     | Reached XP level 15. HP: 48/132 MP: 11/24
  6202 | D:14     | Found a gate to the Vaults.
  6317 | D:15     | Entered Level 15 of the Dungeon
  6849 | D:15     | Noticed a frost giant
  6855 | D:15     | Killed a frost giant
  6869 | D:15     | Found a staircase to the Depths.
  6936 | D:14     | a great orb of eyes changed into a broodmother
  6936 | D:14     | Noticed a broodmother (glowing shapeshifter)
  6937 | D:14     | a broodmother changed into a quicksilver ooze
  6937 | D:14     | Noticed a quicksilver ooze (glowing shapeshifter)
  6941 | D:14     | a quicksilver ooze changed into a radroach
  7105 | Lair:1   | Entered Level 1 of the Lair of Beasts
  7380 | Lair:2   | Reached **** piety under Qazlal
  7389 | Lair:2   | Reached XP level 16. HP: 141/141 MP: 26/26
  7391 | Lair:2   | Noticed Amaemon
  7395 | Lair:2   | Reached skill level 16 in Axes
  7408 | Lair:2   | Killed Amaemon
  7420 | Lair:2   | Found a dark tunnel.
  7437 | Volcano  | Entered a volcano
  7579 | Volcano  | Identified the +2 pair of boots of Ofywotuj {rF+ rC+ Str-5
                  | Dex+3}
  7868 | Lair:3   | Identified the +4 dagger "Tiruysu" {antimagic, Str+3 Int+2}
  7969 | Lair:4   | Reached ***** piety under Qazlal
  8061 | Lair:4   | Identified a scroll of acquirement
  8063 | Lair:4   | Found a gate leading to a gauntlet.
  8068 | Lair:4   | Noticed Rupert
  8100 | Lair:4   | Killed Rupert
  8111 | Lair:4   | Acquired 1064 gold pieces
  8151 | Gauntlet | Entered a Gauntlet
  8151 | Gauntlet | Found a transporter.
  8151 | Gauntlet | Found a transporter.
  8151 | Gauntlet | Found a transporter.
  8151 | Gauntlet | Found a transporter.
  8169 | Gauntlet | Found a transporter.
  8176 | Gauntlet | Found a transporter.
  8184 | Gauntlet | Found a transporter.
  8192 | Gauntlet | Found a transporter.
  8235 | Gauntlet | Found a transporter.
  8319 | Gauntlet | Identified the +2 helmet of Mezcal {rElec rC- Int+8 Dex-3}
  8486 | Lair:4   | Reached skill level 15 in Shields
  8523 | Lair:4   | Reached skill level 15 in Armour
  8523 | Lair:4   | Reached skill level 1 in Evocations
  8650 | Lair:5   | Entered Level 5 of the Lair of Beasts
  8704 | Lair:5   | Found a viscous altar of Jiyva.
  8704 | Lair:5   | Found a staircase to the Slime Pits.
  8856 | Lair:5   | Reached XP level 17. HP: 146/152 MP: 26/28
  9015 | Lair:5   | Found a large runed translucent door.
  9015 | Lair:5   | Found a large runed translucent door.
  9080 | Lair:5   | Reached skill level 5 in Evocations
  9257 | Lair:3   | Found a hole to the Spider Nest.
  9265 | Spider:1 | Entered Level 1 of the Spider Nest
  9324 | Spider:1 | Gained mutation: You are frail. (-10% HP) [mutagenic glow]
  9335 | Spider:1 | Gained mutation: You occasionally shout uncontrollably at
                  | your foes. [mutagenic glow]
  9353 | Spider:1 | Reached ****** piety under Qazlal
  9408 | Spider:1 | Reached skill level 15 in Invocations
  9445 | Spider:1 | HP: 27/138 [emperor scorpion (2)]
  9446 | Spider:1 | Reached skill level 15 in Fighting
  9495 | Spider:2 | Noticed Jorgrun
  9506 | Spider:2 | Killed Jorgrun
  9581 | Spider:1 | Identified the +1 hat of Chimes {rC+ Will+ Int+4}
  9625 | Spider:3 | Reached skill level 17 in Axes
  9786 | Spider:3 | HP: 26/135 [emperor scorpion (2)]
  9796 | Spider:3 | HP: 23/136 [emperor scorpion (4)]
  9898 | Spider:2 | Gained mutation: You passively map a large area around you.
                  | [Meteoran growth]
  9898 | Spider:2 | Reached XP level 18. HP: 144/144 MP: 30/30
  9904 | Spider:2 | Reached skill level 18 in Axes
 10051 | Spider:2 | Identified the +1 robe of the Barber Surgeon {Will++}
 10255 | Spider:4 | Entered Level 4 of the Spider Nest
 10255 | Spider:4 | Noticed Nikola
 10257 | Spider:4 | Noticed Bai Suzhen
 10268 | Spider:4 | Killed Nikola
 10276 | Spider:4 | HP: 29/151 [demonic crawler (8)]
 10282 | Spider:3 | HP: 26/151 [Bai Suzhen (6)]
 10286 | Spider:3 | Killed from afar by Bai Suzhen

Illustrated notes

Levels and vault maps discovered:
D:1:      minmay_arrival_shattered_statue, layout_rooms, chequers_garden
D:2:      layout_rooms, minmay_heptomino_o4
D:3:      layout_basic, ebering_ecumenical_altar_webs
D:4:      cheibrodos_helix_gallery, layout_basic, serial_shops, shop,
          lightli_ossuary_entry_decrepit_ruins, uniq_menkaure, uniq_pikel,
          uniq_duvessa
D:5:      layout_basic, overflow_temple_1_default, kennysheep_mini_moat,
          eat_drink_and_be_merry_uskayaw
D:6:      layout_loops_ring, mainiacjoe_overflow_surrounded_room,
          temple_fountains, serial_shops, shop, cheibrodos_sewer_entry_sluice,
          uniq_maggie
D:7:      layout_basic, serial_curves, eino_curves_01, eino_curves_04
D:8:      layout_loops_corners, lair_entry_dummy, nzn_life_drinkers,
          uniq_prince_ribbit1, uniq_maurice
D:9:      layout_irregular_city, marbit_many_paths, mainiacjoe_overflow_swirl,
          enter_bailey_6, minmay_misc_feat_tower, hangedman_corner_corridor
D:10:     layout_basic
D:11:     minmay_bloctagon_deflated, layout_irregular_city, orc_0_dummy,
          nicolae_figureground_sparkle
D:12:     layout_roguey, serial_shops, shop_fountains, argonaut_gorgonesque,
          uniq_josephine
D:13:     minmay_quarter_circles, layout_rooms
D:14:     layout_roguey, david_vaults_4
D:15:     grunt_enter_depths_snipers, layout_irregular_city
Temple:   hellmonk_temple_of_storms
Lair:1:   layout_concentric_octagons, serial_bayou, serial_bayou_pond_e,
          serial_bayou_pond_e, serial_bayou_lagoon_b, serial_bayou_crossing,
          chequers_serial_rivers_room_a, beast_lair_carwin_3
Lair:2:   layout_cave_shapes, swamp_mist, nicolae_volcano_entry_hallway,
          uniq_amaemon
Lair:3:   layout_layer_cave, dummy_spider_entry
Lair:4:   nzn_winding_woodlands_three_and_one [nzn_winding_woodlands_5x15_pool,
          nzn_winding_woodlands_5x15_twine, nzn_winding_woodlands_5x15_garden,
          nzn_winding_woodlands_center_triple_pond], layout_hall_layers,
          gauntlet_entry_generic, serial_bayou_shore_b, uniq_rupert
Lair:5:   cheibrodos_lair_end_hotspot, layout_long_grid, slime_entry_1
Spider:1: layout_spider_delve, drop_trap
Spider:2: layout_spider_delve, hellmonk_motheaten_closet, uniq_jorgrun
Spider:3: layout_spider_delve, nicolae_spider_checkerboard, uniq_arachne
Spider:4: guppyfry_spider_rune, uniq_bai_suzhen, uniq_nikola

Skill      XL: |  1  2  3  4  5  6  7  8  9 10 11 12 13 14 15 16 17 18 |
---------------+-------------------------------------------------------+-----
Armour         | 4 5 6 8 9 10 11 12 13 14 15 | 15.0
Axes           | 3 4 5 6 7 9 10 11 12 15 16 17 18 | 18.0
Shields        | 4 5 6 8 9 10 11 13 14 15 | 15.0
Fighting       | 4 5 6 7 8 9 10 11 12 14 15 16 | 16.9
Invocations    | 4 6 8 10 11 12 14 15 | 15.0
Evocations     | 3 7 |  7.0

Action                   |  1- 3 |  4- 6 |  7- 9 | 10-12 | 13-15 | 16-18 || total
-------------------------+-------+-------+-------+-------+-------+-------++-------
Melee: War axe           |    73 |    60 |   313 |   393 |     5 |     7 ||   851
       Broad axe         |       |       |       |       |   397 |   970 ||  1367
       Flail             |       |       |       |       |     3 |       ||     3
Throw: Dart              |     1 |     2 |       |       |     9 |     3 ||    15
       Javelin           |       |       |       |       |     2 |       ||     2
Invok: Upheaval          |       |       |       |     1 |    10 |    12 ||    23
Evoke: Wand              |       |       |       |    13 |    10 |    10 ||    33
       Phantom mirror    |       |       |       |       |       |     3 ||     3
       Condenser vane    |       |       |       |       |       |     2 ||     2
  Use: Scroll            |       |     3 |    10 |     5 |    10 |     5 ||    33
       Potion            |       |     5 |     2 |     3 |     2 |     5 ||    17
 Stab: Paralysed         |       |       |       |    10 |       |       ||    10
       Invisible         |       |       |       |     1 |       |     8 ||     9
Armor: Scale mail        |    55 |    40 |    78 |       |       |       ||   173
       Chain mail        |       |       |   147 |    21 |       |       ||   168
       Plate armour      |       |       |       |   279 |   406 |   671 ||  1356
       Fire dragon scale |       |       |       |       |       |    21 ||    21
Dodge: Dodged            |    31 |    27 |   110 |    92 |   109 |   183 ||   552
       Repelled          |       |       |       |       |       |     4 ||     4
Block: Buckler           |    28 |    19 |   114 |   189 |       |       ||   350
       Kite shield       |       |       |       |    47 |   470 |  1234 ||  1751

Table legend: (Time is in decaauts)
 A = Elapsed time spent in this place.
 B = Non-inter-level travel time spent in this place.
 C = Inter-level travel time spent in this place.
 D = Time resting spent in this place.
 E = Time spent auto-exploring this place.
 F = Levels seen in this place.
 G = Mean time per level.
                   A        B        C        D        E       F      G
               +--------+--------+--------+--------+--------+-----+--------+
         Total |  10403 |   9453 |    950 |     58 |   2873 |  30 |  346.8 |
       Dungeon |   6176 |   5510 |    666 |      0 |   2558 |  15 |  411.7 |
        Temple |     13 |     13 |      0 |      0 |      0 |   1 |   13.0 |
          Lair |   1631 |   1445 |    186 |      4 |    203 |   5 |  326.2 |
   Spider Nest |    959 |    862 |     97 |      0 |     10 |   4 |  239.8 |
         Sewer |    450 |    450 |      0 |      0 |    100 |   1 |  450.0 |
       Ossuary |    405 |    405 |      0 |     54 |      0 |   1 |  405.0 |
        Bailey |    299 |    299 |      0 |      0 |      0 |   1 |  299.0 |
       Volcano |    226 |    226 |      0 |      0 |      0 |   1 |  226.0 |
      Gauntlet |    242 |    242 |      0 |      0 |      0 |   1 |  242.0 |
               +--------+--------+--------+--------+--------+-----+--------+

Top non-repeatable levels by time:
    D:10: 618 daAuts
     D:6: 591 daAuts
     D:9: 571 daAuts
    D:15: 564 daAuts
  Lair:5: 549 daAuts
     D:4: 504 daAuts
    D:14: 490 daAuts
    D:11: 487 daAuts
  Lair:4: 455 daAuts
   Sewer: 450 daAuts
     D:8: 449 daAuts
Spider:3: 447 daAuts
 Ossuary: 405 daAuts
     D:5: 369 daAuts
    D:13: 365 daAuts
